 Dungeon Crawl Stone Soup version 0.29-a0-653-gd47aff6735 (webtiles) character file.

Game seed: 14802084017145398723

737 zeratav the Archer (level 7, 0/32 HPs)
             Began as a Spriggan Arcane Marksman on June 21, 2022.
             Killed from afar by an orc wizard (9 damage)
             ... with a puff of flame
             ... on level 5 of the Dungeon.
             The game lasted 00:08:28 (4440 turns).

zeratav the Archer (Spriggan Arcane Marksman)       Turns: 4440, Time: 00:08:29

Health: 0/32       AC:  3    Str:  6    XL:     7   Next: 46%
Magic:  10/10      EV: 17    Int: 15    God:
Gold:   181        SH:  0    Dex: 17    Spells: 7/8 levels left

rFire   . . .      SeeInvis +   a - +0 shortbow {bow}
rCold   . . .      Faith    .   (shield currently unavailable)
rNeg    . . .      Spirit   .   b - +0 robe
rPois   .          Reflect  .   f - +1 hat
rElec   .          Harm     .   (no cloak)
rCorr   .          Rampage  .   (gloves unavailable)
Will    +....                   (boots unavailable)
Stlth   ++........              k - amulet of the acrobat
HPRegen 0.10/turn               (no ring)
MPRegen 0.12/turn               (no ring)

@: very quick
A: very small, no large weapons, unfitting armour, see invisible, speed 3
a: no special abilities


You were on level 5 of the Dungeon.
You visited 1 branch of the dungeon, and saw 5 of its levels.

You collected 181 gold pieces.


Innate Abilities, Weirdness & Mutations

You are very small and have problems with some larger weapons.
You are too small for most types of armour.
You have supernaturally acute eyesight. (SInv)
You cover ground extremely quickly. (Speed+++)


   Skills:
 - Level 0.7 Fighting
 - Level 10.0 Bows
 - Level 2.6 Dodging
 + Level 2.7 Stealth
 - Level 1.3 Spellcasting
 - Level 3.6 Hexes


You had 7 spell levels left.
You knew the following spells:

 Your Spells              Type           Power      Damage    Failure   Level
a - Slow                  Hex            44%        N/A       5%          1

Your spell library contained the following spells:

 Spells                   Type           Power      Damage    Failure   Level
 Inner Flame              Hex/Fire       6%         N/A       34%         3
 Portal Projectile        Hex/Tloc       12%        N/A       34%         3
 Cause Fear               Hex            5%         N/A       47%         4

Inventory:

Hand Weapons
 a - a +0 shortbow (weapon) {bow}
Armour
 b - a +0 robe (worn)
 f - a +1 hat (worn)
   (You found it on level 1 of the Dungeon)
Jewellery
 k - an amulet of the acrobat (around neck)
   (You found it on level 3 of the Dungeon)
Wands
 p - a wand of charming (13)
   (You found it on level 4 of the Dungeon)
Scrolls
 c - 3 scrolls of vulnerability {!r!r}
 e - 5 scrolls of identify {@r1}
 i - a scroll of teleportation {@r4}
 l - 2 scrolls of fog
 o - a scroll of acquirement {unknown}
Potions
 d - 3 potions of curing {unknown}
 g - 3 potions of heal wounds {unknown}
 h - 2 potions of degeneration {unknown}
 j - a potion of berserk rage {unknown}
 m - 3 potions of haste {unknown}
 n - a potion of might
 q - a potion of invisibility {unknown}

Dungeon Overview and Level Annotations

Branches:
Dungeon (5/15) Zot: 25974
 Temple: D:4-7

Altars:

#? #....#...#
#..##..##...#
#..##..##...#
.....!..)...#
#...........#
#..##..)(.).#
#.......#
#.......#
#....@..#
#...).<.#
#o...<..#
...........#
...........#
#..##..###..#
#.. #.. ####
#. .... ....


You could see an orc wizard (invisible).


Message History

Shoot: a) +0 shortbow {bow}
Press: ? - help, Q - select action, (/) - cycle Shift-Dir - straight line, f/p - centaur
Aim: a centaur (heavily wounded, slow, 74% to hit)
You shoot an arrow.
The arrow hits the centaur but does no damage.
The centaur hits you.
* * * LOW HITPOINT WARNING * * *
The centaur closely misses you.
HP[-3] MP[+1]
You take 3 damage, and now have 14/32 hp.
Shoot: a) +0 shortbow {bow}
Press: ? - help, Q - select action, (/) - cycle Shift-Dir - straight line, f/p - centaur
Aim: a centaur (heavily wounded, slow, 74% to hit)
You shoot an arrow. The arrow hits the centaur!
The centaur misses you. The centaur closely misses you.
Shoot: a) +0 shortbow {bow}
Press: ? - help, Q - select action, (/) - cycle Shift-Dir - straight line, f/p - centaur
Aim: a centaur (almost dead, slow, 74% to hit)
You shoot an arrow. The arrow hits the centaur.
The centaur barely misses you. The centaur misses you.
Shoot: a) +0 shortbow {bow}
Press: ? - help, Q - select action, (/) - cycle Shift-Dir - straight line, f/p - centaur
Aim: a centaur (almost dead, slow, 74% to hit)
You shoot an arrow. The arrow closely misses the centaur.
The centaur closely misses you. The centaur misses you.
Shoot: a) +0 shortbow {bow}
Press: ? - help, Q - select action, (/) - cycle Shift-Dir - straight line, f/p - centaur
Aim: a centaur (almost dead, slow, 74% to hit)
You shoot an arrow.
The arrow hits the centaur but does no damage.
The centaur completely misses you. The centaur barely misses you.
Shoot: a) +0 shortbow {bow}
Press: ? - help, Q - select action, (/) - cycle Shift-Dir - straight line, f/p - centaur
Aim: a centaur (almost dead, slow, 74% to hit)
You shoot an arrow. The arrow barely misses the centaur.
An orc wizard comes into view. It is wielding a +0 dagger.
The centaur closely misses you. The centaur misses you.
Shoot: a) +0 shortbow {bow}
Press: ? - help, Q - select action, (/) - cycle Shift-Dir - straight line, f/p - centaur
Aim: a centaur (almost dead, slow, 74% to hit)
You shoot an arrow. The orc wizard shouts!
The arrow hits the centaur!
You kill the centaur!
Training target 10.0 for Bows reached!
Your Bows skill increases to level 10!
You need to enable at least one skill for training.
Your Stealth skill gained 2 levels and is now at level 2!
HP[+1]
You are too injured to fight recklessly!
Shoot: a) +0 shortbow {bow}
Press: ? - help, Q - select action, (/) - cycle Shift-Dir - straight line, f - orc wizard
Aim: an orc wizard, wielding a +0 dagger and wearing a +0 robe (59% to hit)
You shoot an arrow.
The arrow hits the orc wizard but does no damage.
Shoot: a) +0 shortbow {bow}
Press: ? - help, Q - select action, (/) - cycle Shift-Dir - straight line, f - you That would be overly suicidal.
Okay, then.
Shoot: a) +0 shortbow {bow}
Press: ? - help, Q - select action, (/) - cycle Shift-Dir - straight line, f - you That would be overly suicidal.
Okay, then.
The orc wizard casts a spell.
The orc wizard flickers and vanishes for a moment.
MP[+1]
Your mp is fully restored (10).
Shoot: a) +0 shortbow {bow}
Press: ? - help, Q - select action, (/) - cycle Shift-Dir - straight line, f - orc wizard
Aim: an orc wizard, wielding a +0 dagger and wearing a +0 robe (slightly transparent, 59% to hit)
You shoot an arrow.
The arrow hits the orc wizard but does no damage.
Shoot: a) +0 shortbow {bow}
Press: ? - help, Q - select action, (/) - cycle Shift-Dir - straight line, f/p - orc wizard
Aim: an orc wizard, wielding a +0 dagger and wearing a +0 robe (slightly transparent, 59% to hit)
You shoot an arrow.
The arrow hits the orc wizard but does no damage.
The orc wizard casts a spell at you. The magic dart hits you.
* * * LOW HITPOINT WARNING * * *
Shoot: a) +0 shortbow {bow}
Press: ? - help, Q - select action, (/) - cycle Shift-Dir - straight line, f/p - orc wizard
Aim: an orc wizard, wielding a +0 dagger and wearing a +0 robe (slightly transparent, 59% to hit)
You shoot an arrow. The arrow misses the orc wizard.
The orc wizard gestures at you while chanting.
You resist with almost no effort.
HP[-6]
You take 6 damage, and now have 9/32 hp.
Shoot: a) +0 shortbow {bow}
Press: ? - help, Q - select action, (/) - cycle Shift-Dir - straight line, f/p - orc wizard
Aim: an orc wizard, wielding a +0 dagger and wearing a +0 robe (slightly transparent, 59% to hit)
You shoot an arrow. The arrow hits the orc wizard.
Shoot: a) +0 shortbow {bow}
Press: ? - help, Q - select action, (/) - cycle Shift-Dir - straight line, f/p - orc wizard
Aim: an orc wizard, wielding a +0 dagger and wearing a +0 robe (moderately wounded, slightly transparent, 59% to hit)
You shoot an arrow.
The arrow closely misses the orc wizard.
The orc wizard gestures at you while chanting.
The puff of flame hits you!
You die...

Skill      XL: |  1  2  3  4  5  6  7 |
---------------+----------------------+-----
Bows           | 3 4 5 6 7 9 10 | 10.0
Stealth        | 2 |  2.7
Fighting       | |  0.7
Dodging        | |  2.6
Spellcasting   | |  1.3
Hexes          | |  3.6

Action                   |  1- 3 |  4- 6 |  7- 9 || total
-------------------------+-------+-------+-------++-------
 Fire: Shortbow          |    88 |   204 |    37 ||   329
 Cast: Slow              |     1 |     6 |     4 ||    11
  Use: Scroll            |     2 |       |       ||     2
Armor: Robe              |     3 |    12 |     1 ||    16
Dodge: Dodged            |    25 |   158 |    26 ||   209

Levels and vault maps discovered:
D:1:      dpeg_arrival_round_c, layout_basic,
          hellmonk_ecumenical_altar_dog_temple, serial_glass, glass_columns_b,
          glass_columns_a, glass_columns_a, glass_columns_a, item_on_display_a,
          due_unseen_surprise, item_on_display_a, minmay_tromino_i2
D:2:      layout_basic
D:3:      layout_basic, wad_orctagon
D:4:      minmay_general_purpose_star, layout_cave_pools, serial_column_ruins,
          column_ruins_hut_water, column_ruins_hut_ruined,
          column_ruins_columns_straight, column_ruins_columns_straight,
          column_ruins_grid_1, uniq_eustachio
D:5:      layout_gridville, nicolae_hepliaklqana_hazy_memory,
          portal_sewer_entry_d, grunt_decor_junction

Notes
Turn   | Place    | Note
-------+----------+-------------------------------------------
     0 | D:1      | zeratav the Spriggan Arcane Marksman began the quest for
                  | the Orb.
     0 | D:1      | Reached XP level 1. HP: 9/9 MP: 3/3
     0 | D:1      | magus.rc [v1.9.6]
    71 | D:1      | Reached skill level 3 in Bows
   130 | D:1      | Reached XP level 2. HP: 14/14 MP: 5/5
   268 | D:1      | Found a faded altar of an unknown god.
   360 | D:1      | Reached skill level 4 in Bows
   579 | D:1      | Reached XP level 3. HP: 17/17 MP: 6/6
   793 | D:2      | HP: 3/17 [gnoll/+0 spear (4)]
  1133 | D:2      | You fall into a shaft and drop 1 floor!
  1160 | D:3      | Reached skill level 5 in Bows
  1910 | D:3      | Reached XP level 4. HP: 21/21 MP: 7/7
  2414 | D:4      | Noticed Eustachio
  2454 | D:4      | Noticed a scorpion
  2459 | D:4      | Reached skill level 6 in Bows
  2558 | D:4      | Noticed a scorpion
  2598 | D:4      | Killed a scorpion
  2599 | D:4      | Reached XP level 5. HP: 25/25 MP: 6/8
  2655 | D:4      | Reached skill level 7 in Bows
  2941 | D:4      | Reached XP level 6. HP: 29/29 MP: 9/9
  3047 | D:3      | Reached skill level 8 in Bows
  3300 | D:5      | Entered Level 5 of the Dungeon
  4018 | D:4      | Killed Eustachio
  4019 | D:4      | Reached skill level 9 in Bows
  4019 | D:4      | Reached XP level 7. HP: 28/32 MP: 10/10
  4433 | D:5      | Reached skill level 10 in Bows
  4433 | D:5      | Reached skill level 2 in Stealth
  4440 | D:5      | Killed from afar by an orc wizard

Vanquished Creatures
  Eustachio (D:4)
  An ogre (D:5)
  A centaur (D:5)
  A necrophage (D:4)
  2 scorpions
  2 howler monkeys (D:4)
  An iguana (D:4)
  3 adders
  6 gnolls
  3 dart slugs
  8 orcs
  6 ball pythons
  A bat (D:1)
  9 endoplasms
  4 giant cockroaches
  4 goblins
  6 hobgoblins
  7 jackals
  3 quokkas
  5 frilled lizards
  A kobold (D:1)
75 creatures vanquished.

Vanquished Creatures (others)
  A plant (D:5)
1 creature vanquished.

Grand Total: 76 creatures vanquished

Table legend:
 A = Non-vault XP
 B = Vault XP
 C = Vault XP percentage of total XP
 D = Non-vault monster count
 E = Vault monster count
 F = Vault count percentage of total count
                 A         B        C        D         E       F
            +---------+---------+-------+---------+---------+-------
      Total |     828 |     226 |  21.4 |      57 |      18 |  24.0
            +---------+---------+-------+---------+---------+-------
        D:1 |      30 |      11 |  26.8 |      16 |       6 |  27.3
        D:2 |      36 |       0 |   0.0 |       5 |       0 |   0.0
        D:3 |      94 |      12 |  11.3 |       8 |       4 |  33.3
        D:4 |     396 |     203 |  33.9 |      23 |       8 |  25.8
        D:5 |     272 |       0 |   0.0 |       5 |       0 |   0.0
            +---------+---------+-------+---------+---------+-------

Illustrated notes

Table legend:
 A = Kills in this place as a percentage of kills in entire the game.
 B = Kills by you in this place as a percentage of kills by you in the entire game.
 C = Kills by friends in this place as a percentage of kills by friends in the entire game.
 D = Other kills in this place as a percentage of other kills in the entire game.
 E = Experience gained in this place as a percentage of experience gained in the entire game.
 F = Experience gained in this place divided by the number of levels of this place that you have seen.
                   A       B       C       D       E      F
               +-------+-------+-------+-------+-------+----------------------
         Total | 100.0 | 100.0 |   N/A |   N/A | 100.0 | 210.8
       Dungeon | 100.0 | 100.0 |   N/A |   N/A | 100.0 | 210.8
               +-------+-------+-------+-------+-------+----------------------

Table legend: (Time is in decaauts)
 A = Elapsed time spent in this place.
 B = Non-inter-level travel time spent in this place.
 C = Inter-level travel time spent in this place.
 D = Time resting spent in this place.
 E = Time spent auto-exploring this place.
 F = Levels seen in this place.
 G = Mean time per level.
                   A        B        C        D        E       F      G
               +--------+--------+--------+--------+--------+-----+--------+
         Total |   3483 |   3350 |    133 |    907 |   1624 |   5 |  696.6 |
       Dungeon |   3483 |   3350 |    133 |    907 |   1624 |   5 |  696.6 |
               +--------+--------+--------+--------+--------+-----+--------+

Top non-repeatable levels by time:
     D:4: 1782 daAuts
     D:1: 830 daAuts
     D:3: 631 daAuts
     D:5: 196 daAuts
     D:2: 42 daAuts
